 Dungeon Crawl Stone Soup version 0.26-a0-613-g4f23886233 (webtiles) character file.

Game seed: 338634815769499920

662 DogServant the Skirmisher (level 7, 0/58 HPs)
             Began as a Formicid Fighter on Sept 10, 2020.
             Was an Initiate of Elyvilon.
             Slain by a basilisk (3 damage)
             ... while petrified by a basilisk
             ... on level 6 of the Dungeon on Sept 11, 2020.
             The game lasted 00:08:51 (3966 turns).

DogServant the Skirmisher (Formicid Fighter)        Turns: 3966, Time: 00:08:51

Health: 0/58       AC: 13    Str: 22 (23) XL:     7   Next: 87%
Magic:  7/7        EV:  2    Int:  6 (7)  God:    Elyvilon [......]
Gold:   271        SH:  0    Dex:  9 (10) Spells: 6/6 levels left

rFire    . . .     SeeInvis +   a - +0 flail
rCold    . . .     Faith    .   c - +0 kite shield
rNeg     + + +     Spirit   .   j - +1 plate armour
rPois    ∞         Reflect  .   (helmet unavailable)
rElec    .         Harm     .   (no cloak)
rCorr    .                      (no gloves)
MR       .....                  (no boots)
Stlth    ..........             (no amulet)
HPRegen  0.19/turn              (no ring)
MPRegen  0.10/turn              (no ring)

@: petrified
A: permanent stasis, dig shafts and tunnels, four strong arms, antennae 3
a: Dig, Shaft Self, Renounce Religion


You were on level 6 of the Dungeon.
You worshipped Elyvilon.
Elyvilon was noncommittal.
You visited 2 branches of the dungeon, and saw 6 of its levels.

You collected 271 gold pieces.

Inventory:

Hand Weapons
 a - a +0 flail (weapon)
Missiles
 v - 18 poisoned darts (quivered)
Armour
 b - a +0 scale mail
 c - a +0 kite shield (worn)
 j - a +1 plate armour (worn)
 l - a +0 helmet
 y - a +0 cloak
Jewellery
 k - an uncursed amulet of guardian spirit {unknown}
 m - an uncursed amulet of guardian spirit {unknown}
 u - a +4 ring of protection
 z - a cursed -4 ring of evasion {unknown}
Wands
 t - a wand of iceblast (8)
Scrolls
 h - 4 scrolls of remove curse
 s - a scroll of magic mapping {unknown}
Potions
 d - a potion of might
 f - 2 potions of haste {unknown}
 g - 2 potions of invisibility {unknown}
 i - 5 potions of curing {unknown}
 n - a potion of ambrosia {unknown}
 o - a potion of berserk rage {unknown}
 q - 2 potions of heal wounds {unknown}
 r - a potion of stabbing {unknown}
 w - a potion of lignification {unknown}
 x - a potion of magic {unknown}


   Skills:
 + Level 6.1 Fighting
 + Level 5.0 Maces & Flails
 + Level 4.6 Armour
 + Level 5.2 Shields


You had 6 spell levels left.
You didn't know any spells.
Your spell library was empty.

Dungeon Overview and Level Annotations

Branches:
Dungeon (6/15)             Temple (1/1) D:6

Altars:
Ashenzari
Dithmenos
Elyvilon
Fedhas
Gozag
Hepliaklqana
Kikubaaqudgha
Makhleb
Nemelex Xobeh
Okawaru
Qazlal
Ru
Sif Muna
Uskayaw
Vehumet
Wu Jian
Xom
Yredelemnul
Zin
The Shining One


Innate Abilities, Weirdness & Mutations

You cannot be hasted, slowed, berserked, paralysed or teleported.
You can dig through walls and to a lower floor.
Your four strong arms can wield two-handed weapons with a shield.
You have a pair of large antennae on your head. (SInv)


Message History

* * * LOW HITPOINT WARNING * * *
The basilisk bites you but does no damage.
The bullfrog hits you but does no damage.
You sock the bullfrog!
You kill the bullfrog!
Your Maces & Flails skill increases to level 5!
The basilisk hisses menacingly.
The basilisk bites you!
* * * LOW HITPOINT WARNING * * *
The basilisk gazes at you.
You are slowing down.
Unknown command.
A basilisk is nearby!
A basilisk is nearby!
You hit the basilisk.
The basilisk is moderately wounded.
The basilisk gazes at you.
Your limbs have turned to stone.
You have turned to stone.
The basilisk bites you.
You die...

##............# #.# ##.#
#............# #.# ##..#
#..##........# #.# #).##
#............# #.###)##
#..###.......#####.#...#
..... ......##......###
. ... #####...#.#######
. #......†.)......> .
#.....l@......... .
#................ .
#................ .
#............)... .
...#............. .
.......##........ . .
..... ......... . ......
######


You could see a basilisk.

Vanquished Creatures
  A phantom (D:4)
  A centaur (D:3)
  A big kobold (D:3)
  A bullfrog (D:6)
  A water moccasin skeleton (D:6)
  A wight (D:6)
  A howler monkey (D:6)
  A quasit (D:4)
  A bullfrog skeleton (D:6)
  Ijyb (D:3)
  An orc wizard (D:6)
  Robin (D:3)
  5 adders
  3 worms
  A leopard gecko (D:2)
  4 orcs
  5 giant cockroaches
  18 goblins
  4 hobgoblins
  A quokka (D:2)
  A ball python (D:1)
  7 bats
  4 frilled lizards
  7 kobolds
  3 rats
75 creatures vanquished.

Notes
Turn   | Place    | Note
-------+----------+-------------------------------------------
     0 | D:1      | DogServant the Formicid Fighter began the quest for the
                  | Orb.
     0 | D:1      | Reached XP level 1. HP: 18/18 MP: 1/1
   151 | D:1      | Reached XP level 2. HP: 24/24 MP: 2/2
   676 | D:1      | Reached XP level 3. HP: 25/30 MP: 3/3
  1118 | D:2      | Found a shadowy altar of Dithmenos.
  1565 | D:3      | Noticed Ijyb
  1566 | D:3      | Found a sparkling altar of Nemelex Xobeh.
  1575 | D:3      | Killed Ijyb
  1575 | D:3      | Reached skill level 4 in Fighting
  1575 | D:3      | Reached XP level 4. HP: 37/37 MP: 4/4
  1716 | D:3      | Noticed a centaur
  1725 | D:3      | Killed a centaur
  1725 | D:3      | Reached XP level 5. HP: 14/43 MP: 5/5
  1950 | D:3      | Noticed Robin
  2000 | D:3      | Reached skill level 5 in Fighting
  2011 | D:3      | Killed Robin
  2117 | D:3      | Found a radiant altar of Vehumet.
  2119 | D:3      | Noticed a big kobold
  2243 | D:3      | Found a transporter.
  2252 | D:3      | Found a transporter.
  2326 | D:3      | Reached XP level 6. HP: 51/51 MP: 6/6
  3210 | D:4      | Noticed a phantom
  3260 | D:4      | Killed a phantom
  3378 | D:4      | Reached XP level 7. HP: 52/57 MP: 7/7
  3470 | D:4      | Found a glowing silver altar of Zin.
  3573 | D:4      | You fall into a shaft and drop 2 floors!
  3668 | D:6      | Found a staircase to the Ecumenical Temple.
  3678 | Temple   | Entered the Ecumenical Temple
  3781 | Temple   | Became a worshipper of Elyvilon the Healer
  3894 | D:6      | Reached skill level 5 in Shields
  3895 | D:6      | Noticed a basilisk
  3914 | D:6      | Reached skill level 6 in Fighting
  3964 | D:6      | Reached skill level 5 in Maces & Flails
  3966 | D:6      | Slain by a basilisk

Illustrated notes

Levels and vault maps discovered:
D:1:      dpeg_arrival_radiant, layout_loops_ring
D:2:      layout_basic, nicolae_dithmenos_through_a_glass_darkly
D:3:      layout_basic, gammafunk_temple_overflow_arena,
          nemelex_xobeh_ov_fountains_minmay, uniq_ijyb, uniq_robin
D:4:      layout_basic, overflow_temple_1_default, zin_statuary, serial_rivers,
          chequers_serial_rivers_micro_d, chequers_serial_rivers_small_a,
          chequers_serial_rivers_small_a, chequers_serial_rivers_large_a,
          uniq_duvessa, uniq_pikel
D:6:      layout_rooms, temple_statues, st_stairs_1, nicolae_benzene_ring,
          uniq_sigmund
Temple:   regret_index_temple_mists

Skill      XL: |  1  2  3  4  5  6  7 |
---------------+----------------------+-----
Fighting       | 4 5 6 |  6.1
Maces & Flails | 3 4 5 |  5.0
Shields        | 4 5 |  5.2
Armour         | 4 |  4.6

Action                   |  1- 3 |  4- 6 |  7- 9 || total
-------------------------+-------+-------+-------++-------
Melee: Flail             |   123 |   145 |    86 ||   354
  Use: Scroll            |       |     7 |     1 ||     8
       Potion            |       |       |     1 ||     1
Armor: Scale mail        |    31 |       |       ||    31
       Plate armour      |    69 |   144 |    40 ||   253
Dodge: Dodged            |    44 |    31 |    14 ||    89
Block: Kite shield       |    74 |   109 |    51 ||   234

Table legend: (Time is in decaauts)
 A = Elapsed time spent in this place.
 B = Non-inter-level travel time spent in this place.
 C = Inter-level travel time spent in this place.
 D = Time resting spent in this place.
 E = Time spent auto-exploring this place.
 F = Levels seen in this place.
 G = Mean time per level.
                   A        B        C        D        E       F      G
               +--------+--------+--------+--------+--------+-----+--------+
         Total |   4127 |   3955 |    172 |      0 |   2983 |   6 |  687.8 |
       Dungeon |   3878 |   3731 |    147 |      0 |   2848 |   5 |  775.6 |
        Temple |    248 |    223 |     25 |      0 |    135 |   1 |  248.0 |
               +--------+--------+--------+--------+--------+-----+--------+

Top non-repeatable levels by time:
     D:3: 1643 daAuts
     D:1: 874 daAuts
     D:2: 730 daAuts
     D:4: 408 daAuts
  Temple: 248 daAuts
     D:6: 222 daAuts
